 Dungeon Crawl Stone Soup version 0.30-a0-937-ga0a21ad780 (webtiles) character file.

Game seed: 10615170345942188136

3569 Ghostmaker01 the Cleaver (level 9, -3/81 HPs)
             Began as a Minotaur Fighter on Mar 24, 2023.
             Slain by a killer bee (9 damage)
             ... on level 8 of the Dungeon.
             The game lasted 00:10:15 (6903 turns).

Ghostmaker01 the Cleaver (Minotaur Fighter)         Turns: 6903, Time: 00:10:15

Health: -3/81      AC: 13    Str: 25    XL:     9   Next: 84%
Magic:  8/8        EV: 12    Int:  5    God:
Gold:   633        SH:  5    Dex: 10    Spells: 8/8 levels left

rFire   . . .      SeeInvis .    a - +0 war axe
rCold   . . .      Faith    .    c - +0 buckler
rNeg    + . .      Spirit   .    m - +0 plate armour
rPois   .          Reflect  .    (helmet restricted)
rElec   .          Rampage  .    (no cloak)
rCorr   .                        (no gloves)
Will    .....                    (no boots) Stlth
                                 (no amulet)
HPRegen 0.33/turn                t - +5 ring of evasion
MPRegen 0.11/turn                A - ring of positive energy

@: lethally poisoned (-3 -> -21)
A: horns 2, retaliatory headbutt
a: no special abilities


You were on level 8 of the Dungeon.
You visited 1 branch of the dungeon, and saw 8 of its levels.

You collected 633 gold pieces.

Inventory:

Hand Weapons
 a - a +0 war axe (weapon)
Missiles
 o - a throwing net (quivered)
Armour
 b - a +0 scale mail
 c - a +0 buckler (worn)
 m - a +0 plate armour (worn)
Jewellery
 t - a +5 ring of evasion (left hand)
 A - a ring of positive energy (right hand)
 F - a ring of magical power
Wands
 C - a wand of flame (14)
Scrolls
 e - 5 scrolls of immolation
 j - 6 scrolls of teleportation
 k - 2 scrolls of enchant weapon {unknown}
 l - a scroll of vulnerability {unknown}
 q - 2 scrolls of amnesia
 r - 2 scrolls of magic mapping
 s - a scroll of torment {unknown}
 u - a scroll of blinking
 y - a scroll of acquirement {unknown}
 z - 2 scrolls of silence
 E - a scroll of poison {unknown}
Potions
 d - 3 potions of might
 f - 2 potions of curing
 h - 3 potions of attraction
 i - a potion of invisibility
 n - 3 potions of ambrosia
 p - 4 potions of heal wounds
 v - 2 potions of lignification
 w - a potion of degeneration {unknown}
 x - 2 potions of flight
 B - 2 potions of brilliance {unknown}
 D - 3 potions of haste


   Skills:
 * Level 8.2 Fighting
 * Level 12.4 Axes
 + Level 8.0 Armour
 + Level 1.9 Dodging
 + Level 0.3 Stealth
 + Level 6.1 Shields


You had 8 spell levels left.
You didn't know any spells.
Your spell library contained the following spells:

 Spells                   Type           Power      Damage    Failure   Level
 Foxfire                  Conj/Fire      0%         2x1d4     100%        1
 Blink                    Tloc           0%         N/A       100%        2
 Lesser Beckoning         Tloc           0%         N/A       100%        2
 Momentum Strike          Conj/Tloc      0%         3d8       100%        2
 Sublimation of Blood     Necr           0%         N/A       100%        2
 Wereblood                Tmut           0%         N/A       100%        2
 Stone Arrow              Conj/Erth      0%         3d7       100%        3
 Animate Armour           Summ/Erth      0%         N/A       100%        4
 Fireball                 Conj/Fire      0%         3d3       100%        5
 Starburst                Conj/Fire      0%         6d3       100%        6
 Summon Hydra             Summ           0%         N/A       100%        7
 Lehudib's Crystal Spear  Conj/Erth      0%         10d2      100%        8


Dungeon Overview and Level Annotations

Branches:
Dungeon (8/15)             Temple (0/1) D:6
   Lair: D:8-11

Altars:
Ashenzari
Dithmenos
Hepliaklqana
Kikubaaqudgha
Makhleb
Sif Muna
Xom


Innate Abilities, Weirdness & Mutations

You have a pair of horns on your head.
You reflexively headbutt those who attack you in melee.


Message History

You hear an angry buzzing noise.
You block the killer bee's attack.
You slash the killer bee!
The killer bee is severely wounded.
You feel sick. The killer bee misses you. You furiously retaliate!
You headbutt the killer bee.
You kill the killer bee!
You hear an angry buzzing noise.
You feel sick. The killer bee barely misses you. You furiously retaliate!
You headbutt the killer bee!
The queen bee calls on the killer bee to defend it!
The killer bee goes berserk!
The killer bee stings you!
* * * LOW HITPOINT WARNING * * *
You are more poisoned.
The killer bee poisons you!
Things that are here:
a killer bee corpse; a killer bee corpse Throw: 2 throwing nets
Press: ? - help, Q - select action, (/) - cycle Shift-Dir - straight line, f - queen bee
Aim: a queen bee (moderately wounded, 60% to hit)
You throw a throwing net.
The throwing net barely misses the queen bee.
The throwing net closely misses the killer bee.
You feel very sick. The killer bee stings you.
* * * LOW HITPOINT WARNING * * *
You are more poisoned.
The killer bee poisons you! You block the killer bee's attack.
You block the queen bee's attack.
The killer bee stings you but does no damage.
You completely miss the queen bee. Your headbutt misses the queen bee.
The queen bee is moderately wounded.
You miss the killer bee.
* * * LOW HITPOINT WARNING * * *
You feel very sick. The killer bee stings you.
* * * LOW HITPOINT WARNING * * *
You are more poisoned.
The killer bee poisons you! The killer bee stings you!
You die... #################### ................@yy# .##########.#####yy# .# #.# yyy...

.# ######.# y...P.$P# .#
#......# ..P..P..P#
.#####.####.#P.yP..P..P#
.......# #.#P..P..P..P#
.####### #.#P..P.....P#
.##########.#


You could see a queen bee and 5 killer bees.

Vanquished Creatures
  2 water moccasins (D:7)
  An orc warrior (D:8)
  An ice beast (D:6)
  A black bear (D:5)
  4 sky beasts
  2 centaurs
  3 ogres (D:6)
  2 phantoms
  2 kobold brigands
  5 bullfrogs
  A necrophage (D:7)
  A wyvern zombie (D:7)
  A scorpion (D:5)
  5 wights
  5 killer bees (D:8)
  2 howler monkeys (D:5)
  A bullfrog zombie (D:7)
  A human zombie (D:7)
  2 hounds
  A quasit (D:7)
  4 jellies
  2 orc priests
  Jessica (D:2)
  Terence (D:3)
  A sleepcap (D:5)
  3 iguanas
  A killer bee zombie (D:7)
  4 mummies (D:7)
  2 howler monkey zombies (D:7)
  4 gnolls (D:4)
  6 adders
  7 shadow imps (D:7)
  7 white imps
  4 ufetubi
  A worm (D:2)
  3 dart slugs
  28 orcs
  6 ball pythons
  3 endoplasms
  3 giant cockroaches
  7 goblins
  8 hobgoblins
  7 jackals
  7 quokkas
  6 bats
  6 frilled lizards
  20 kobolds
  8 rats
203 creatures vanquished.

Vanquished Creatures (others)
  2 demonic plants (D:7)
  4 plants
6 creatures vanquished.

Grand Total: 209 creatures vanquished

Notes
Turn   | Place    | Note
-------+----------+-------------------------------------------
     0 | D:1      | Ghostmaker01 the Minotaur Fighter began the quest for the
                  | Orb.
     0 | D:1      | Reached XP level 1. HP: 19/19 MP: 0/0
   159 | D:1      | Reached XP level 2. HP: 27/27 MP: 1/1
   331 | D:1      | Reached XP level 3. HP: 29/33 MP: 2/2
   383 | D:1      | Reached skill level 3 in Axes
   613 | D:1      | Found a faded altar of an unknown god.
   898 | D:2      | Reached skill level 1 in Dodging
  1050 | D:2      | Noticed Jessica
  1056 | D:2      | Killed Jessica
  1057 | D:2      | Reached XP level 4. HP: 40/40 MP: 3/3
  1169 | D:2      | Identified the +9 whip "Gel Kon" {flame, Str+4}
  1475 | D:3      | Reached skill level 4 in Axes
  1620 | D:3      | Found a hazy altar of Hepliaklqana.
  1631 | D:3      | Noticed Terence
  1639 | D:3      | Killed Terence
  1640 | D:3      | Reached XP level 5. HP: 38/46 MP: 4/4
  1939 | D:3      | Found a glowing drain.
  2530 | D:4      | Noticed a phantom
  2544 | D:4      | Killed a phantom
  2545 | D:4      | Reached skill level 5 in Axes
  2740 | D:4      | Found a shadowy altar of Dithmenos.
  2863 | D:4      | Reached XP level 6. HP: 25/53 MP: 5/5
  3403 | D:5      | Entered Level 5 of the Dungeon
  3411 | D:5      | Reached skill level 5 in Armour
  3472 | D:5      | Reached skill level 6 in Axes
  3479 | D:5      | Reached skill level 5 in Fighting
  3479 | D:5      | Reached XP level 7. HP: 61/61 MP: 6/6
  4009 | D:6      | Reached skill level 7 in Axes
  4232 | D:6      | Reached XP level 8. HP: 60/70 MP: 7/7
  4264 | D:6      | Found a burning altar of Makhleb.
  4323 | D:6      | Found a broken altar of Ashenzari.
  4333 | D:6      | Reached skill level 8 in Axes
  4418 | D:6      | Reached skill level 5 in Shields
  4539 | D:6      | Reached skill level 9 in Axes
  4674 | D:6      | Found a staircase to the Ecumenical Temple.
  4803 | D:6      | Found a shimmering altar of Xom.
  5107 | D:7      | Reached skill level 10 in Axes
  5107 | D:7      | Reached XP level 9. HP: 56/78 MP: 8/8
  5513 | D:7      | Found a shimmering blue altar of Sif Muna.
  5656 | D:7      | Found a broken altar of Ashenzari.
  5913 | D:7      | Found an ancient bone altar of Kikubaaqudgha.
  5920 | D:7      | Reached skill level 11 in Axes
  6449 | D:8      | Reached skill level 12 in Axes
  6878 | D:8      | Noticed a queen bee
  6903 | D:8      | Slain by a killer bee

Illustrated notes

Levels and vault maps discovered:
D:1:      lemuel_arrival_broad_hall, layout_basic,
          hellmonk_ecumenical_altar_inner_sanctum, minmay_tree_intersection,
          minmay_pentomino_s2
D:2:      layout_rooms, uniq_jessica
D:3:      layout_loops_ring, nicolae_hepliaklqana_hazy_memory,
          portal_sewer_entry_b, minmay_quadrilaterals, uniq_terence
D:4:      layout_loops_ring, grunt_dithmenos_smoke_and_mirrors
D:5:      layout_basic
D:6:      layout_loops_cross, mainiacjoe_overflow_alcove_2,
          minmay_temple_entry_hall, hangedman_feature_mirror,
          nicolae_concentric_dashed_squares_wild
D:7:      layout_gridville, lemuel_mausoleum_altar_kikubaaqudgha,
          mainiacjoe_overflow_six_doors_small, mainiacjoe_overflow_alcove_4,
          serial_demonic, serial_demonic_a, serial_demonic_a, serial_demonic_g,
          serial_demonic_a, serial_demonic_d, serial_demonic_c
D:8:      layout_loops_ring, special_room [special_room_orc],
          palyth_stone_intersect, minivault_24, nicolae_looking_at_the_future

Skill      XL: |  1  2  3  4  5  6  7  8  9 |
---------------+----------------------------+-----
Armour         | 4 5 6 7 8 |  8.0
Shields        | 4 5 6 |  6.1
Axes           | 3 4 5 6 7 10 12 | 12.4
Dodging        | 1 |  1.9
Fighting       | 4 5 6 8 |  8.2
Stealth        | |  0.3

Action                     |  1- 3 |  4- 6 |  7- 9 || total
---------------------------+-------+-------+-------++-------
  Melee: War axe           |    87 |   139 |   296 ||   522
         Headbutt          |    10 |    14 |    43 ||    67
  Throw: Throwing net      |       |       |     1 ||     1
    Use: Scroll            |       |       |    12 ||    12
 Armour: Scale mail        |    49 |       |       ||    49
         Plate armour      |     3 |    82 |   143 ||   228
  Dodge: Dodged            |    49 |    53 |   135 ||   237
  Block: Buckler           |    26 |    34 |    73 ||   133

Table legend: (Time is in decaauts)
 A = Elapsed time spent in this place.
 B = Non-inter-level travel time spent in this place.
 C = Inter-level travel time spent in this place.
 D = Time resting spent in this place.
 E = Time spent auto-exploring this place.
 F = Levels seen in this place.
 G = Mean time per level.
                   A        B        C        D        E       F      G
               +--------+--------+--------+--------+--------+-----+--------+
         Total |   7002 |   6626 |    376 |    206 |   5208 |   8 |  875.2 |
       Dungeon |   7002 |   6626 |    376 |    206 |   5208 |   8 |  875.2 |
               +--------+--------+--------+--------+--------+-----+--------+

Top non-repeatable levels by time:
     D:7: 1334 daAuts
     D:4: 1125 daAuts
     D:1: 914 daAuts
     D:3: 892 daAuts
     D:6: 888 daAuts
     D:8: 714 daAuts
     D:5: 579 daAuts
     D:2: 553 daAuts
